 Dungeon Crawl Stone Soup version 0.29.0-7-g18a832c13a (webtiles) character file.

Game seed: 13717400658412880687

16 raistware the Conjurer (level 2, 0/17 HPs)
             Began as an Octopode Conjurer on Aug 30, 2022.
             Slain by a gnoll
             ... wielding a +0 spear
              (2 damage)
             ... on level 1 of the Dungeon.
             The game lasted 00:00:56 (483 turns).

raistware the Conjurer (Octopode Conjurer)           Turns: 483, Time: 00:00:56

Health: 0/17       AC:  1    Str:  6    XL:     2   Next: 54%
Magic:  0/5        EV: 13    Int: 20    God:
Gold:   17         SH:  0    Dex: 10    Spells: 5/6 levels left

rFire   . . .      SeeInvis .   (no weapon)
rCold   . . .      Faith    .   (no shield)
rNeg    . . .      Spirit   .   (helmet restricted)
rPois   .          Reflect  .   (no amulet)
rElec   .          Harm     .   (no ring)
rCorr   .          Rampage  .   (no ring)
Will    .....                   (no ring)
Stlth   +++.......              (no ring)
HPRegen 0.05/turn               (no ring)
MPRegen 0.09/turn               (no ring)
                                (no ring)
                                (no ring)

@: no status effects
A: almost no armour, amphibious, 8 rings, camouflage 1, gelatinous body 1,
(nimble swimmer 1), tentacles
a: no special abilities


You were on level 1 of the Dungeon.
You visited 1 branch of the dungeon, and saw 1 of its levels.

You collected 17 gold pieces.

Inventory:

Scrolls
 b - a scroll of magic mapping {unknown}
 c - a scroll of teleportation {unknown}
 e - a scroll of enchant weapon {unknown}
Potions
 a - 2 potions of magic
 d - a potion of haste {unknown}


   Skills:
 - Level 2.0 Dodging
 - Level 2.6 Stealth
 + Level 2.9 Spellcasting
 - Level 4.0 Conjurations


You had 5 spell levels left.
You knew the following spells:

 Your Spells              Type           Power      Damage    Failure   Level
a - Magic Dart            Conj           72%        1d6       2%          1

Your spell library contained the following spells:

 Spells                   Type           Power      Damage    Failure   Level
 Searing Ray              Conj           36%        2d5       4%          2
 Dazzling Flash           Conj/Hex       20%        N/A       19%         3
 Fulminant Prism          Conj/Hex       5%         3d7       54%         4
 Iskenderun's Mystic Bla  Conj/Tloc      10%        2d4       54%         4


Dungeon Overview and Level Annotations

Branches:
Dungeon (1/15)

Altars:


Innate Abilities, Weirdness & Mutations

You cannot wear most types of armour.
You are amphibious.
You can wear up to eight rings at the same time.
Your skin changes colour to match your surroundings (Stealth+).
Your rubbery body absorbs attacks. (AC +1, EV +1)
((You are camouflaged when in or above water. (Stealth+)))
You have tentacles for arms and can constrict up to eight enemies at once.


Message History

You kill the dart slug!
You now have 17 gold pieces (gained 12).
d - a fizzy pink potion You see here a +0 dagger.
e - a scroll labelled YTRUIR KOASYSI
Found a club.
Found a stone staircase leading down.
a - 2 potions of magic (gained 1)
A gnoll comes into view. It is wielding a +0 spear.
A gnoll is nearby!
The magic dart hits the gnoll.
The gnoll is lightly wounded.
The magic dart hits the gnoll but does no damage.
The gnoll is lightly wounded.
The magic dart hits the gnoll but does no damage.
The gnoll is lightly wounded.
The magic dart hits the gnoll.
The gnoll is moderately wounded.
The magic dart hits the gnoll.
The gnoll is heavily wounded.
You are out of magic!
The gnoll barely misses you.
You tentacle-slap the gnoll but do no damage.
You grab the gnoll.
You tentacle-slap the gnoll, but do no damage.
The gnoll is heavily wounded.
You constrict the gnoll, but do no damage.
The gnoll hits you with a +0 spear!
Ouch! That really hurt!
You are too injured to fight recklessly!
You tentacle-slap the gnoll but do no damage.
The gnoll is heavily wounded.
You constrict the gnoll. The gnoll hits you with a +0 spear.
* * * LOW HITPOINT WARNING * * *
Unknown command.
You tentacle-slap the gnoll but do no damage.
You squeeze the gnoll.
The gnoll is almost dead.
You constrict the gnoll. The gnoll hits you with a +0 spear.
You die...

############ ..
#..........# # ....#####
#..........# #.....###
#..........#
####@..###..........#
......g...............^#
#########..##..........#
#).........##..........#
#.......##.............#
#.......#####...>......#
##### #.......#
#....#######
.##.######.......#
###..#
....##...........# ##.##


You could see a gnoll.

Vanquished Creatures
  2 dart slugs (D:1)
  A bat (D:1)
  A giant cockroach (D:1)
  3 goblins (D:1)
  A hobgoblin (D:1)
  A quokka (D:1)
  A frilled lizard (D:1)
  A kobold (D:1)
11 creatures vanquished.

Notes
Turn   | Place    | Note
-------+----------+-------------------------------------------
     0 | D:1      | raistware the Octopode Conjurer began the quest for the
                  | Orb.
     0 | D:1      | Reached XP level 1. HP: 11/11 MP: 3/3
    99 | D:1      | Reached XP level 2. HP: 16/17 MP: 0/5
   483 | D:1      | Slain by a gnoll

Illustrated notes

Levels and vault maps discovered:
D:1:      amcnicky_arrival_feature_with_door, layout_rooms,
          hellmonk_ecumenical_altar_run_dry, amethyst_killhole

Action                   || total
-------------------------++-------
Melee: Unarmed           ||     5
       Constrict         ||     2
       Punch             ||     1
       Tentacles         ||     1
 Cast: Magic Dart        ||    27
Dodge: Dodged            ||     3
